 Dungeon Crawl Stone Soup version 0.27-a0-1202-ge72e49191c (webtiles) character file.

Game seed: 12482987461531592685

108 Zeld the Chopper (level 4, -3/39 HPs)
             Began as a Minotaur Berserker on June 5, 2021.
             Was a Priest of Trog.
             Slain by Edmund
             ... wielding a +4 flail of holy wrath
              (9 damage)
             ... on level 4 of the Dungeon.
             The game lasted 00:01:47 (2939 turns).

Zeld the Chopper (Minotaur Berserker)               Turns: 2939, Time: 00:01:48

Health: -3/39      AC: 13    Str: 22    XL:     4   Next: 58%
Magic:  3/3        EV:  6    Int:  4    God:    Trog [***...]
Gold:   68         SH:  0    Dex: 10    Spells: 3/3 levels left

rFire    . . .     SeeInvis .   a - +0 hand axe
rCold    . . .     Faith    .   (no shield)
rNeg     . . .     Spirit   .   n - +0 plate armour
rPois    .         Reflect  .   (helmet restricted)
rElec    .         Harm     .   (no cloak)
rCorr    .         Rampage  .   (no gloves)
Will     .....                  h - +1 pair of boots
Stlth    ..........             (no amulet)
HPRegen  0.13/turn              (no ring)
MPRegen  0.08/turn              (no ring)

@: no status effects
A: horns 2, retaliatory headbutt
a: Renounce Religion, Berserk, Trog's Hand


You were on level 4 of the Dungeon.
You worshipped Trog.
Trog was most pleased with you.
You visited 1 branch of the dungeon, and saw 4 of its levels.

You collected 68 gold pieces.

Inventory:

Hand Weapons
 a - a +0 hand axe (weapon)
Armour
 h - a +1 pair of boots (worn)
 n - a +0 plate armour (worn)
Scrolls
 d - 8 scrolls of identify {unknown}
 g - a scroll of fear {unknown}
 j - a scroll of noise {unknown}
 k - a scroll of amnesia {unknown}
 l - a scroll of teleportation {unknown}
 m - a scroll of magic mapping {unknown}
Potions
 b - 3 potions of curing {unknown}
 c - a potion of berserk rage {unknown}
 e - 2 potions of heal wounds {unknown}
 f - a potion of cancellation {unknown}
 i - 2 potions of degeneration {unknown}


   Skills:
 - Level 3.6 Fighting
 * Level 6.5 Axes
 - Level 2.4 Armour
 - Level 2.1 Dodging


You had 3 spell levels left.
You didn't know any spells.
Your spell library was empty.

Dungeon Overview and Level Annotations

Branches:
Dungeon (4/15)
 Temple: D:4-7

Altars:

Annotations:
D:4 Edmund


Innate Abilities, Weirdness & Mutations

You have a pair of horns on your head.
You reflexively headbutt those who attack you in melee.


Message History

You see here 18 stones.
Edmund the Younger comes into view.
He is wielding a +4 flail of holy wrath.
Edmund shouts!
Edmund is nearby!
Edmund hits you but does no damage.
Edmund is nearby!
Edmund is nearby!
You closely miss Edmund.
Edmund hits you with a +4 flail of holy wrath!
You barely miss Edmund. Edmund barely misses you.
You hit Edmund. You headbutt Edmund, but do no damage.
Edmund is lightly wounded.
Edmund barely misses you. You furiously retaliate!
You headbutt Edmund! You closely miss Edmund. Your headbutt misses Edmund.
Edmund is moderately wounded.
Edmund barely misses you.
You barely miss Edmund.
Edmund is moderately wounded.
Edmund hits you with a +4 flail of holy wrath!
You hit Edmund.
Edmund is moderately wounded.
Edmund hits you with a +4 flail of holy wrath.
Okay, then.
You barely miss Edmund.
Edmund is moderately wounded.
Edmund hits you with a +4 flail of holy wrath.
You are too injured to fight recklessly!
You closely miss Edmund.
Edmund is moderately wounded.
Edmund hits you with a +4 flail of holy wrath.
You are too injured to fight recklessly!
You hit Edmund but do no damage.
Edmund is moderately wounded.
Edmund hits you with a +4 flail of holy wrath!
* * * LOW HITPOINT WARNING * * *
You are too injured to fight recklessly!
You barely miss Edmund.
Edmund is moderately wounded.
Edmund hits you with a +4 flail of holy wrath!
You die...

######## <......#
######.# #.#
########## #.#
######.........
#.# #......@@...#
#.# #.####.####.#
#.# #(# #.# #.#
#.# #.#
#####.###.####.##
#.....).........#
#>###.###.####..#
#†# #.# #.. #.#
#.#


You could see Edmund.

Vanquished Creatures
  2 adders (D:2)
  3 worms (D:2)
  3 dart slugs
  6 ball pythons
  3 bats
  5 endoplasms
  4 giant cockroaches
  5 hobgoblins
  9 jackals
  4 quokkas (D:1)
  8 frilled lizards
  7 goblins
  3 kobolds
  12 rats
74 creatures vanquished.

Notes
Turn   | Place    | Note
-------+----------+-------------------------------------------
     0 | D:1      | Zeld the Minotaur Berserker began the quest for the Orb.
     0 | D:1      | Reached XP level 1. HP: 19/19 MP: 0/0
    22 | D:1      | Reached skill level 4 in Axes
   555 | D:1      | Reached XP level 2. HP: 26/26 MP: 1/1
   881 | D:1      | Reached ** piety under Trog
   961 | D:1      | Reached skill level 5 in Axes
  1034 | D:1      | Reached XP level 3. HP: 28/31 MP: 2/2
  1807 | D:2      | Reached skill level 6 in Axes
  1807 | D:2      | Reached XP level 4. HP: 24/39 MP: 3/3
  1979 | D:2      | Reached *** piety under Trog
  2926 | D:4      | Noticed Edmund
  2939 | D:4      | Slain by Edmund

Illustrated notes

Levels and vault maps discovered:
D:1:      scummos_arrival_hexagon, layout_rooms, minmay_misc_feat_pillars,
          minmay_indecisive_spiral
D:2:      minmay_wonky_spiral, layout_rooms
D:3:      layout_basic
D:4:      minmay_angry_zag, layout_loops_ring, lemuel_blue_sif_altar,
          kennysheep_mini, gammafunk_temple_overflow_wave, uniq_grinder,
          uniq_ijyb, uniq_robin, uniq_edmund

Skill      XL: |  1  2  3 |
---------------+----------+-----
Axes           | 4 5 6 |  6.5
Fighting       | |  3.6
Armour         | |  2.4
Dodging        | |  2.1

Action                   |  1- 3 |  4- 6 || total
-------------------------+-------+-------++-------
Melee: Hand axe          |    94 |    46 ||   140
       Headbutt          |    18 |     6 ||    24
Invok: Berserk           |     1 |       ||     1
Armor: Animal skin       |    17 |     8 ||    25
       Plate armour      |       |     2 ||     2
Dodge: Dodged            |    61 |    32 ||    93

Table legend: (Time is in decaauts)
 A = Elapsed time spent in this place.
 B = Non-inter-level travel time spent in this place.
 C = Inter-level travel time spent in this place.
 D = Time resting spent in this place.
 E = Time spent auto-exploring this place.
 F = Levels seen in this place.
 G = Mean time per level.
                   A        B        C        D        E       F      G
               +--------+--------+--------+--------+--------+-----+--------+
         Total |   2950 |   2815 |    135 |    330 |   2099 |   4 |  737.5 |
       Dungeon |   2950 |   2815 |    135 |    330 |   2099 |   4 |  737.5 |
               +--------+--------+--------+--------+--------+-----+--------+

Top non-repeatable levels by time:
     D:1: 1171 daAuts
     D:2: 1045 daAuts
     D:3: 685 daAuts
     D:4: 47 daAuts
